 Dungeon Crawl Stone Soup version 0.30-a0-374-g95c0257040 (webtiles) character file.

Game seed: 2295264546458054201

134 Sabo the Trooper (level 4, -9/37 HPs)
             Began as a Demonspawn Berserker on Nov 26, 2022.
             Was a Believer of Trog.
             Killed from afar by an orc wizard (10 damage)
             ... with a magic dart
             ... on level 3 of the Dungeon.
             The game lasted 00:15:41 (3010 turns).

Sabo the Trooper (Demonspawn Berserker)             Turns: 3010, Time: 00:15:41

Health: -9/37      AC:  7    Str: 19    XL:     4   Next: 95%
Magic:  4/4        EV: 11    Int:  9    God:    Trog [**....]
Gold:   133        SH:  0    Dex: 12    Spells: 3/3 levels left

rFire   . . .      SeeInvis .    a - +0 hand axe
rCold   . . .      Faith    .    (no shield)
rNeg    . . .      Spirit   .    n - +0 ring mail
rPois   .          Reflect  .    (no helmet)
rElec   .          Harm     .    (no cloak)
rCorr   .          Rampage  .    b - +0 pair of gloves
Will    +....                    g - +0 pair of boots {Fly}
Stlth   +.........               (no amulet)
HPRegen 0.26/turn                k - ring of willpower
MPRegen 0.09/turn                (no ring)

@: on berserk cooldown, flying, slowed, very slow
A: demonic guardian 2
a: Renounce Religion, Berserk, Trog's Hand


You were on level 3 of the Dungeon.
You worshipped Trog.
Trog was pleased with you.
You visited 1 branch of the dungeon, and saw 3 of its levels.

You collected 133 gold pieces.

Inventory:

Hand Weapons
 a - a +0 hand axe (weapon)
 j - a +0 sling
Missiles
 o - 4 boomerangs (quivered)
Armour
 b - a +0 pair of gloves (worn)
 g - a +0 pair of boots of flying (worn)
 n - a +0 ring mail (worn)
 s - a +0 plate armour
Jewellery
 k - a ring of willpower (left hand)
Scrolls
 e - 3 scrolls of magic mapping
 h - a scroll of immolation {unknown}
 i - a scroll of summoning {unknown}
 l - 2 scrolls of butterflies {unknown}
 m - 3 scrolls of teleportation
Potions
 c - a potion of brilliance {unknown}
 d - a potion of curing {unknown}
 f - a potion of heal wounds {unknown}
 p - a potion of cancellation {unknown}
 q - a potion of lignification {unknown}
 r - a potion of degeneration {unknown}
 t - a potion of magic {unknown}
 u - a potion of invisibility {unknown}
 v - 2 potions of attraction {unknown}


   Skills:
 + Level 3.9 Fighting
 + Level 3.9 Axes
 + Level 2.3 Armour
 + Level 2.2 Dodging
 + Level 0.6 Stealth


You had 3 spell levels left.
You didn't know any spells.
Your spell library was empty.

Dungeon Overview and Level Annotations

Branches:
Dungeon (3/15)

Altars:


Innate Abilities, Weirdness & Mutations

A demonic guardian rushes to your aid.


Message History

You slash the orc!
You kill the orc!
Trog accepts your kill.
You closely miss the orc. You hit something.
The orc priest mumbles some strange prayers to Beogh against you.
Beogh smites you! Something hits you but does no damage. The orc misses you.
You slash the orc!
You kill the orc!
Trog accepts your kill.
You miss something. You closely miss the orc.
You are no longer berserk.
You are exhausted.
You feel yourself slow down. The orc closely misses you.
Something hits you but does no damage. The orc priest barely misses you.
Things that are here:
a +0 short sword; a +0 whip; an orc corpse You hit the orc.
You kill the orc!
Trog accepts your kill.
You hit the orc priest. You hit something but do no damage.
Something hits you but does no damage.
The orc priest hits you but does no damage.
The orc priest hits you with a +0 club. Something hits you.
* * * LOW HITPOINT WARNING * * *
You hit the orc priest.
The orc priest is heavily wounded.
You hit something. Something hits you.
* * * LOW HITPOINT WARNING * * *
A demonic guardian appears!
The orc priest misses you.
You hit the orc priest.
The orc priest is heavily wounded.
You hit something. Something hits you but does no damage.
The orc priest hits you with a +0 club.
* * * LOW HITPOINT WARNING * * *
Your hellwing closely misses the orc priest.
Your hellwing hits the orc priest. The orc priest closely misses you.
You hear some strange, mumbled words.
A magic dart appears from out of thin air!
The magic dart hits you!
You die...

#.....# #.#
#.#....#####
.....###
#.#####.#....#
####.##
#............#
#.#
#.###.#......#
#.# #.#
#.######## #.#
#.# #)###.###
#){......
#@)##.###
#.o##.# #4.#
.... ...##
.##.# . .# ..
.. ....# #.#..


You could see an orc priest (ally target) and a friendly hellwing (summoned).

Vanquished Creatures
  An orc wizard (D:3)
  3 gnolls (D:3)
  2 worms (D:2)
  2 dart slugs
  7 orcs (D:3)
  9 endoplasms
  2 giant cockroaches (D:1)
  2 goblins (D:2)
  7 hobgoblins
  2 jackals (D:1)
  2 quokkas (D:3)
  3 ball pythons
  9 bats
  4 frilled lizards (D:1)
  2 kobolds (D:1)
  7 rats
64 creatures vanquished.

Vanquished Creatures (collateral kills)
  A kobold (D:2)
1 creature vanquished.

Grand Total: 65 creatures vanquished

Notes
Turn   | Place    | Note
-------+----------+-------------------------------------------
     0 | D:1      | Sabo the Demonspawn Berserker began the quest for the Orb.
     0 | D:1      | Reached XP level 1. HP: 18/18 MP: 1/1
   254 | D:1      | Gained mutation: A weak demonic guardian rushes to your
                  | aid. [demonic ancestry]
   254 | D:1      | Reached XP level 2. HP: 18/24 MP: 2/2
  1017 | D:1      | Reached ** piety under Trog
  1158 | D:1      | Found a faded altar of an unknown god.
  1562 | D:2      | Reached XP level 3. HP: 22/29 MP: 3/3
  2442 | D:3      | Gained mutation: A demonic guardian rushes to your aid.
                  | [demonic ancestry]
  2442 | D:3      | Reached XP level 4. HP: 37/37 MP: 4/4
  3010 | D:3      | HP: 1/37 [orc priest/+0 club (4)]
  3010 | D:3      | Killed from afar by an orc wizard

Illustrated notes

Levels and vault maps discovered:
D:1:      shiori_arrival_elements, layout_loops_corners,
          dilly_ecumenical_altar_fadedgnrine, kennysheep_nondescript,
          minmay_parallelograms
D:2:      layout_loops_ring, kennysheep_generic_room_6
D:3:      layout_loops_ring

Skill      XL: |  1  2  3 |
---------------+----------+-----
Axes           | 3 |  3.9
Dodging        | 2 |  2.2
Armour         | 2 |  2.3
Fighting       | |  3.9
Stealth        | |  0.6

Action                   |  1- 3 |  4- 6 || total
-------------------------+-------+-------++-------
Melee: Hand axe          |   134 |    50 ||   184
       Punch             |     1 |     1 ||     2
Invok: Berserk           |     2 |     1 ||     3
  Use: Scroll            |     3 |       ||     3
 Stab: Sleeping          |     2 |       ||     2
Armor: Animal skin       |    17 |       ||    17
       Ring mail         |    24 |    24 ||    48
Dodge: Dodged            |    73 |    28 ||   101

Table legend: (Time is in decaauts)
 A = Elapsed time spent in this place.
 B = Non-inter-level travel time spent in this place.
 C = Inter-level travel time spent in this place.
 D = Time resting spent in this place.
 E = Time spent auto-exploring this place.
 F = Levels seen in this place.
 G = Mean time per level.
                   A        B        C        D        E       F      G
               +--------+--------+--------+--------+--------+-----+--------+
         Total |   3054 |   3054 |      0 |    462 |      0 |   3 | 1018.0 |
       Dungeon |   3054 |   3054 |      0 |    462 |      0 |   3 | 1018.0 |
               +--------+--------+--------+--------+--------+-----+--------+

Top non-repeatable levels by time:
     D:1: 1533 daAuts
     D:2: 856 daAuts
     D:3: 664 daAuts
